 Dungeon Crawl Stone Soup version 0.18-a0-1014-g3bbf375 (webtiles) character file.

186 tof the Insei (level 5, -2/32 HPs)
             Began as a Tengu Monk on Jan 6, 2016.
             Was a Believer of Okawaru.
             Slain by an orc
             ... wielding a +0 short sword
              (3 damage)
             ... on level 3 of the Dungeon.
             The game lasted 00:06:03 (3078 turns).

tof the Insei (Tengu Monk)                          Turns: 3078, Time: 00:06:04

Health: -2/32      AC:  6    Str: 11    XL:     5   Next: 65%
Magic:  6/6        EV: 13    Int: 10    God:    Okawaru [**....]
Gold:   86         SH:  0    Dex: 18    Spells: 0 memorised, 4 levels left

rFire  . . .     SeeInvis .     u - +1 flail (drain)
rCold  . . .     Gourm    .     g - +0 leather armour
rNeg   . . .     Faith    .     (no shield)
rPois  .         Spirit   .     (helmet restricted)
rElec  .         Dismiss  .     w - +1 cloak
rCorr  .         Reflect  .     t - +0 pair of gloves (curse)
SustAt .         Harm     .     (boots unavailable)
MR     .....                    (no amulet)
Stlth  +++.......               (no ring)
                                o - ring of stealth

@: slowed, drained, very slow, not resistant to hostile enchantments, fairly
stealthy
A: beak, talons 3, able to fly 1
a: Fly, Heroism, Renounce Religion


You were on level 3 of the Dungeon.
You worshipped Okawaru.
Okawaru was pleased with you.
You were not hungry.

You visited 1 branch of the dungeon, and saw 3 of its levels.

You collected 86 gold pieces.

Inventory:

Hand Weapons
 c - a +0 spear
 n - a +0 falchion
 u - a +1 flail of draining (weapon)
Missiles
 j - 38 bolts
Armour
 a - a +0 robe
 g - a +0 leather armour (worn)
 t - a cursed +0 pair of gloves (worn)
 w - a +1 cloak (worn)
Jewellery
 o - a ring of stealth (left hand)
Scrolls
 e - a scroll of blinking {unknown}
 f - a scroll of remove curse {unknown}
 h - a scroll of random uselessness {unknown}
 i - 3 scrolls of teleportation {unknown}
 l - a scroll of amnesia {unknown}
 m - 2 scrolls of noise {unknown}
 s - 3 scrolls of identify {unknown}
Potions
 q - 3 potions of lignification {unknown}
 r - a potion of haste {unknown}
 v - a potion of might {unknown}
Comestibles
 b - 2 chunks of flesh
 d - 3 meat rations
 k - 3 fruits
 p - a slice of pizza


   Skills:
 + Level 3.5(2.4) Fighting
 + Level 2.1(1.1) Long Blades
 + Level 0.7(0.0) Polearms
 + Level 1.3(0.3) Armour
 + Level 4.5(3.5) Dodging
 + Level 2.8(1.8) Stealth
 + Level 4.9(3.8) Unarmed Combat


You had 4 spell levels left.
You didn't know any spells.

Dungeon Overview and Level Annotations

Branches:
Dungeon (3/15)

Altars:
Okawaru


Innate Abilities, Weirdness & Mutations

You have a beak for a mouth.
You have claws for feet.
You can fly.


Message History

You hit the orc priest but do no damage.
You drain the orc priest!
You claw the orc priest, but do no damage.
You peck the orc priest, but do no damage.
The orc priest is almost dead.
The orc wizard mumbles some strange words.
The orc wizard blinks!
The orc priest hits you with a vampiric dagger.
* * * LOW HITPOINT WARNING * * *
The orc closely misses you. The iguana bites you.
* * * LOW HITPOINT WARNING * * *
The orc completely misses you.
The orc priest hits you but does no damage.
The orc closely misses you.
The orc wizard mumbles some strange words.
The orc wizard blinks!
The iguana barely misses you. The orc closely misses you.
The orc priest barely misses you. The orc priest completely misses you.
The orc hits you with a short sword.
You die...

.......#..####...........
...##..#..#...........##
# ...........###......#
.##.....###.........
..................
..#####.##..###.... ..
...............
.##.......#....
.######@..$...?
.....goo.......
......llo.#....
........o..###.
?..........# ...........#
..........## #...##...##
#### #####


You could see an iguana, an orc priest, an orc wizard, 2 orcs, a hobgoblin and a
giant newt.

Vanquished Creatures
  An orc priest (D:3)
  Jessica (D:2)
  5 adders (D:2)
  An ooze (D:1)
  6 worms (D:2)
  3 giant geckos (D:2)
  6 orcs (D:3)
  9 bats
  6 giant cockroaches
  5 goblins
  3 hobgoblins
  4 jackals (D:2)
  A ball python (D:1)
  A giant newt (D:2)
  3 kobolds
  5 rats
60 creatures vanquished.

Notes
Turn   | Place    | Note
--------------------------------------------------------------
     0 | D:1      | tof the Tengu Monk began the quest for the Orb.
     0 | D:1      | Reached XP level 1. HP: 14/14 MP: 2/2
   165 | D:1      | Reached XP level 2. HP: 17/19 MP: 3/3
   515 | D:1      | Found an iron altar of Okawaru.
   523 | D:1      | Became a worshipper of Warmaster Okawaru
   523 | D:1      | Reached * piety under Okawaru
   523 | D:1      | Reached ** piety under Okawaru
   660 | D:2      | Reached XP level 3. HP: 6/23 MP: 4/4
   939 | D:2      | Reached skill level 1 in Long Blades
  1270 | D:2      | Reached XP level 4. HP: 20/28 MP: 5/5
  1609 | D:2      | Noticed Jessica
  1621 | D:2      | Killed Jessica
  2070 | D:2      | Reached skill level 1 in Armour
  2123 | D:2      | Gained mutation: You can fly. [Tengu growth]
  2123 | D:2      | Reached XP level 5. HP: 30/32 MP: 6/6
  3077 | D:3      | HP: 1/32 [iguana (4)]
  3078 | D:3      | Slain by an orc

Vault maps used:
D:1:      lightli_arrival_chessboard, minmay_misc_feat_ornament,
          okawaru_ov_weapons_minmay
D:2:      uniq_jessica
D:3:      zin_treasury, uniq_robin, uniq_crazy_yiuf_cottage

Action                   |  1- 3 |  4- 6 || total
-------------------------+-------+-------++-------
Melee: Spear             |    23 |       ||    23
       Unarmed           |     5 |       ||     5
       Falchion          |    58 |    97 ||   155
       Flail             |       |    16 ||    16
 Stab: Sleeping          |     7 |     3 ||    10
       Distracted        |       |     1 ||     1
  Eat: Chunk             |     1 |     5 ||     6
       Bread ration      |       |     1 ||     1
